 Dungeon Crawl Stone Soup version 0.28.0-62-gf88900778d (webtiles) character file.

Game seed: 2465485521357991124

39 AarnesTheHuman the Shield-Bearer (level 3, 0/35 HPs)
             Began as a Gnoll Fighter on Mar 10, 2023.
             Succumbed to an adder's poison
             ... on level 2 of the Dungeon.
             The game lasted 00:01:05 (957 turns).

AarnesTheHuman the Shield-Bearer (Gnoll Fighter)     Turns: 957, Time: 00:01:06

Health: 0/35       AC:  7    Str: 17    XL:     3   Next: 47%
Magic:  0/4        EV:  9    Int:  7    God:
Gold:   10         SH:  5    Dex: 11    Spells: 3/3 levels left

rFire   . . .      SeeInvis .   a - +2 whip (holy)
rCold   . . .      Faith    .   c - +0 buckler
rNeg    . . .      Spirit   +   j - +0 scale mail
rPois   .          Reflect  .   (no helmet)
rElec   .          Harm     .   (no cloak)
rCorr   .          Rampage  .   (no gloves)
Will    .....                   (no boots)
Stlth   ..........              g - amulet of guardian spirit
HPRegen 0.11/turn               (no ring)
MPRegen 0.09/turn               (no ring)

@: lethally poisoned (0 -> -4)
A: fangs 1, strong nose, distributed training
a: no special abilities


You were on level 2 of the Dungeon.
You visited 1 branch of the dungeon, and saw 2 of its levels.

You collected 10 gold pieces.

Inventory:

Hand Weapons
 a - a +2 whip of holy wrath (weapon)
 b - a +0 war axe
Missiles
 h - 26 stones (quivered)
Armour
 c - a +0 buckler (worn)
 j - a +0 scale mail (worn)
Jewellery
 g - an amulet of guardian spirit (around neck)
Scrolls
 f - a scroll of acquirement {unknown}
 i - a scroll of enchant weapon {unknown}
Potions
 d - a potion of might


   Skills:
 + Level 6.5 Fighting
 + Level 0.8 Short Blades
 + Level 0.8 Long Blades
 + Level 4.5 Axes
 + Level 0.8 Maces & Flails
 + Level 0.8 Polearms
 + Level 0.8 Staves
 + Level 0.8 Slings
 + Level 0.8 Bows
 + Level 0.8 Crossbows
 + Level 0.8 Throwing
 + Level 6.5 Armour
 + Level 0.8 Dodging
 + Level 0.8 Stealth
 + Level 6.5 Shields
 + Level 0.8 Unarmed Combat
 + Level 0.8 Spellcasting
 + Level 0.5 Conjurations
 + Level 0.5 Hexes
 + Level 0.5 Summonings
 + Level 0.5 Necromancy
 + Level 0.5 Translocations
 + Level 0.5 Transmutations
 + Level 0.5 Fire Magic
 + Level 0.5 Ice Magic
 + Level 0.5 Air Magic
 + Level 0.5 Earth Magic
 + Level 0.5 Poison Magic
 + Level 1.0 Invocations
 + Level 0.8 Evocations


You had 3 spell levels left.
You didn't know any spells.
Your spell library contained the following spells:

 Spells                   Type           Power      Damage    Failure   Level
 Dazzling Flash           Conj/Hex       2%         N/A       98%         3
 Ignite Poison            Fire/Tmut/Pois 1%         N/A       98%         3
 Mephitic Cloud           Conj/Pois/Air  1%         N/A       98%         3
 Iskenderun's Mystic Bla  Conj/Tloc      1%         2d3       100%        4
 Freezing Cloud           Conj/Ice/Air   0%         6-21      100%        5
 Starburst                Conj/Fire      0%         6d3       100%        6


Dungeon Overview and Level Annotations

Branches:
Dungeon (2/15)

Altars:


Innate Abilities, Weirdness & Mutations

You have very sharp teeth.
Your uncanny sense of smell can sniff out nearby items.
Your experience applies equally to all skills.


Message History

You are frozen.
The adder bites you.
You hit the adder.
The adder is almost dead.
You feel sick. You block the adder's attack.
The endoplasm hits you but does no damage.
The bat hits you but does no damage.
You closely miss the adder. You bite the adder, but do no damage.
The adder is almost dead.
You feel sick. The bat closely misses you. The adder bites you.
You are more poisoned.
The adder poisons you! The endoplasm freezes you.
You are frozen.
You closely miss the adder. You bite the adder.
The adder is almost dead.
You feel very sick. The adder barely misses you.
The bat hits you but does no damage. The endoplasm closely misses you.
The adder barely misses you. You block the bat's attack.
You closely miss the adder.
The adder is almost dead.
You feel sick. The bat barely misses you. The adder barely misses you.
The endoplasm freezes you.
You are frozen.
* * * LOW HITPOINT WARNING * * *
The adder bites you but does no damage. The endoplasm freezes you.
You are frozen.
* * * LOW HITPOINT WARNING * * *
You barely miss the adder.
The adder is almost dead.
* * * LOW HITPOINT WARNING * * *
You feel sick. The bat closely misses you. The adder closely misses you.
The endoplasm barely misses you.
Okay, then.
Unknown command.
As you read the scroll labelled ROGYTUU MOYSO, it crumbles to dust.
You feel aware of your surroundings.
You sensed 1 altar.
It was a scroll of magic mapping.
You die...

*,,,,,,,,,,* *,* *****,*
*,******,,,* *,* *,*
,,*,*,,**,,** *#+## ***,*
,*****,***,,** ##...## *,,,,
,*,,,*,,,**,,* ##.....## *,*,*
,*,,,*,,****,*##.......## **,*,*
,+,8,+,,,,_*,*#.........#***,,,,*
,*,,,*,,,,**,,+.SJ......+,,,,,,*,
,*,,,*,*,**,∆*#.@.b.....#***,,,>*
,*****,,**,,**##.<.....#* **,***
,,*,*,,**,,** ##.....## *,*,,
*,******,,** ##...## *,,,,
*,,,,,,,,** *#+## ***,,
********,* *,* *,, *,* ***** *,*
*,, *,***,,,****,***** *,,
*,**,,,,,**,,,,,,* **,


You could see an adder, an endoplasm and a bat.

Vanquished Creatures
  A gnoll (D:1)
  2 endoplasms (D:1)
  2 giant cockroaches (D:1)
  5 goblins (D:1)
  3 hobgoblins (D:1)
  A quokka (D:1)
  3 ball pythons (D:1)
  2 bats (D:1)
  A frilled lizard (D:1)
  5 kobolds (D:1)
  A rat (D:1)
26 creatures vanquished.

Notes
Turn   | Place    | Note
-------+----------+-------------------------------------------
     0 | D:1      | AarnesTheHuman the Gnoll Fighter began the quest for the
                  | Orb.
     0 | D:1      | Reached XP level 1. HP: 23/23 MP: 1/1
   160 | D:1      | Reached XP level 2. HP: 19/29 MP: 0/2
   481 | D:1      | Reached XP level 3. HP: 35/35 MP: 3/3
   749 | D:1      | Reached skill level 1 in Invocations
   956 | D:2      | HP: 1/35 [poisoned by an adder]
   957 | D:2      | Succumbed to an adder's poison

Illustrated notes

Levels and vault maps discovered:
D:1:      ebering_hopf_link, layout_basic
D:2:      kb_forest_paths, layout_loops_corners,
          dilly_ecumenical_altar_fadedgnrine

Skill      XL: |  1  2  3 |
---------------+----------+-----
Invocations    | 1 |  1.0
Fighting       | |  6.5
Short Blades   | |  0.8
Long Blades    | |  0.8
Axes           | |  4.5
Maces & Flails | |  0.8
Polearms       | |  0.8
Staves         | |  0.8
Slings         | |  0.8
Bows           | |  0.8
Crossbows      | |  0.8
Throwing       | |  0.8
Armour         | |  6.5
Dodging        | |  0.8
Stealth        | |  0.8
Shields        | |  6.5
Unarmed Combat | |  0.8
Spellcasting   | |  0.8
Conjurations   | |  0.5
Hexes          | |  0.5
Summonings     | |  0.5
Necromancy     | |  0.5
Translocations | |  0.5
Transmutations | |  0.5
Fire Magic     | |  0.5
Ice Magic      | |  0.5
Air Magic      | |  0.5
Earth Magic    | |  0.5
Poison Magic   | |  0.5
Evocations     | |  0.8

Action                   || total
-------------------------++-------
Melee: War axe           ||    69
       Bite              ||    11
       Whip              ||     9
  Use: Scroll            ||     1
Armor: Scale mail        ||    41
Dodge: Dodged            ||    32
Block: Buckler           ||    25
